 Dungeon Crawl Stone Soup version 0.31-a0-865-g3d5d91748a (webtiles) character file.

Game seed: 7108107843972886113

2377 javelincjr the Mimic (level 9, -3/76 HPs)
             Began as a Troll Shapeshifter on Oct 10, 2023.
             Was an Initiate of Trog.
             Succumbed to an orc's poison
             ... on level 6 of the Dungeon.
             The game lasted 00:21:20 (4583 turns).

javelincjr the Mimic (Troll Shapeshifter)           Turns: 4583, Time: 00:21:20

Health: -3/76      AC:  7    Str: 28    XL:     9   Next: 21%
Magic:  8/8        EV: 10    Int:  6    God:    Trog [......]
Gold:   330        SH:  0    Dex: 15    Spells: 8/8 levels left

rFire   . . .        q - melded +2 whip of Stickiness {antimagic, Str+4}
rCold   . . .        (shield currently unavailable)
rNeg    . . .        a - +0 animal skin
rPois   .            (helmet restricted)
rElec   .            F - +2 cloak {rCorr}
rCorr   +            (gloves unavailable)
SInv    .            (boots unavailable)
Will    .....        h - amulet of faith
Stlth   +            i - +6 ring of dexterity
HPRegen 1.12/turn    (no ring)
MPRegen 0.11/turn

%: faith
@: lethally poisoned (-3 -> -20), flux-form, glowing
A: glow, contaminating, large, unfitting armour, claws 3, regeneration 1, shaggy
fur 1, tough skin 1
a: Begin Untransformation, Renounce Religion


You were on level 6 of the Dungeon.
You worshipped Trog.
Trog was noncommittal.
You were something dangerously unstable.
You visited 2 branches of the dungeon, and saw 8 of its levels.

You collected 330 gold pieces.

Inventory:

Hand Weapons
 g - a +1 short sword of speed
 q - the +2 whip of Stickiness (melded) {antimagic, Str+4}
   (You found it on level 3 of the Dungeon)

   Str+4:     It affects your strength (+4).
 r - a +4 mace
 z - the +9 dagger "Oziaskor" {holy, rElec SInv}
   (You found it on level 5 of the Dungeon)

   rElec:     It insulates you from electricity.
   SInv:      It lets you see invisible.
 E - a +4 quarterstaff of chaos
 G - a +1 hammer of draining
Missiles
 k - 16 poisoned darts
 l - 8 javelins
 u - 5 curare-tipped darts
 x - 6 boomerangs
 y - 10 large rocks
Armour
 a - a +0 animal skin (worn)
 F - a +2 cloak of preservation (worn)
Jewellery
 h - an amulet of faith (around neck)
 i - a +6 ring of dexterity (left claw)
Talismans
 c - a beast talisman
 d - a flux talisman (active)
Wands
 v - a wand of paralysis (9)
Scrolls
 e - 4 scrolls of enchant weapon {unknown}
 f - 2 scrolls of enchant armour {unknown}
 j - 2 scrolls of amnesia {unknown}
 m - 3 scrolls of identify {unknown}
 o - 3 scrolls of teleportation {unknown}
 p - a scroll of poison {unknown}
 s - 3 scrolls of fog {unknown}
 w - a scroll of immolation {unknown}
 B - a scroll of silence {unknown}
 D - a scroll of vulnerability {unknown}
Potions
 b - 2 potions of lignification
 n - 2 potions of enlightenment {unknown}
 t - 2 potions of mutation {unknown}
 A - a potion of brilliance {unknown}
 C - a potion of might {unknown}


   Skills:
 + Level 1.1 Fighting
 + Level 1.8 Dodging
 + Level 0.2 Stealth
 + Level 3.2 Unarmed Combat
 * Level 11.5 Shapeshifting


You had 8 spell levels left.
You didn't know any spells.
Your spell library contained the following spells:

 Spells                   Type           Power      Damage    Failure   Level
 Magic Dart               Conj           0%         1d3       45%         1
 Slow                     Hex            0%         N/A       45%         1
 Summon Small Mammal      Summ           0%         N/A       45%         1
 Ensorcelled Hibernation  Hex/Ice        0%         N/A       58%         2
 Jinxbite                 Hex            0%         N/A       58%         2
 Searing Ray              Conj           0%         2d4       58%         2
 Call Canine Familiar     Summ           0%         N/A       83%         3
 Confusing Touch          Hex            0%         N/A       83%         3
 Gell's Gravitas          Tloc           0%         N/A       83%         3
 Sigil of Binding         Hex            0%         N/A       83%         3
 Summon Guardian Golem    Hex/Summ       0%         N/A       83%         3
 Teleport Other           Tloc           0%         N/A       83%         3
 Vampiric Draining        Necr           0%         2d6       83%         3
 Anguish                  Hex/Necr       0%         N/A       99%         4
 Fulminant Prism          Conj/Hex       0%         3d5       99%         4
 Dispersal                Tloc           0%         N/A       100%        6


Dungeon Overview and Level Annotations

Branches:
Dungeon (7/15)             Temple (1/1) D:6

Altars:
Dithmenos
Elyvilon
Fedhas
Kikubaaqudgha
Makhleb
Nemelex Xobeh
Okawaru
Qazlal
Ru
Sif Muna
Trog
Uskayaw
Vehumet
Wu Jian
Xom
Yredelemnul
Zin
The Shining One

Shops:
D:1 (


Innate Abilities, Weirdness & Mutations

You are something dangerously unstable.
You glow with magical radiation, making you easy to see and hit.
Foes you strike become dangerously contaminated with magical radiation.
You are incapable of wielding weapons or throwing items.
You are too large for most types of armour.
You have claws for hands.
Your natural rate of healing is unusually fast.
You are covered in fur. (AC +1)
You have tough skin. (AC +1)


Message History

The orc priest invokes the aid of Beogh against you.
Beogh smites you!
The orc hits you with a +1 war axe of venom.
Your life force feels restored.
You are too injured to fight recklessly!
You are too injured to fight recklessly!
You claw the orc priest!
The orc priest begins to glow.
The orc priest is heavily wounded.
You feel very sick. The orc priest barely misses you.
The orc hits you with a +1 war axe of venom.
You are more poisoned.
You claw the orc priest!
You kill the orc priest!
Trog accepts your kill.
You feel very sick. The orc hits you but does no damage.
You are more poisoned.
* * * LOW HITPOINT WARNING * * *
You feel very sick. The orc hits you but does no damage.
You see here a +0 war axe.
You closely miss the orc.
* * * LOW HITPOINT WARNING * * *
You feel very sick. The orc closely misses you.
You barely miss the orc.
* * * LOW HITPOINT WARNING * * *
You feel very sick.
The orc hits you with a +1 war axe of venom.
* * * LOW HITPOINT WARNING * * *
You are more poisoned.
You barely miss the orc.
* * * LOW HITPOINT WARNING * * *
You feel very sick.
The orc hits you with a +1 war axe of venom.
* * * LOW HITPOINT WARNING * * *
You are more poisoned.
You scratch the orc but do no damage.
The orc begins to glow.
You die...

#.# #.# #..# #########...
##.#####.#
#..########...........
.........#
#..##.......#######...
##.####### #.###.####### ##.#
#.# #.###.######### ####.# #.#
#.............###..... #.#
#.###)#######.........
#.#########|:..o>...........##..
#..............p##############..
################# #.. #.. #..
###


You could see an orc (contam).

Vanquished Creatures
  Eustachio (D:6)
  Edmund (D:4)
  A water moccasin (D:6)
  2 orc warriors (D:6)
  2 black bears (D:5)
  5 ogres
  2 phantoms
  A bullfrog (D:6)
  A kobold brigand (D:6)
  4 scorpions
  2 jellies
  2 hounds (D:5)
  Crazy Yiuf (D:6)
  4 orc priests
  6 iguanas
  2 orc wizards
  Natasha (twice) (D:2)
  5 adders
  A shadow imp (D:6)
  A white imp (D:5)
  A worm (D:4)
  A dart slug (D:2)
  19 orcs
  8 ball pythons
  7 bats
  7 endoplasms
  2 giant cockroaches
  11 goblins
  2 hobgoblins (D:1)
  8 jackals
  10 kobolds
  6 quokkas
  2 frilled lizards
  8 rats
138 creatures vanquished.

Notes
Turn   | Place    | Note
-------+----------+-------------------------------------------
     0 | D:1      | javelincjr the Troll Shapeshifter began the quest for the
                  | Orb.
     0 | D:1      | Reached XP level 1. HP: 18/18 MP: 0/0
   104 | D:1      | Found Uwuiciym's Weapon Emporium.
   124 | D:1      | Reached XP level 2. HP: 26/26 MP: 1/1
   647 | D:2      | Reached XP level 3. HP: 32/32 MP: 2/2
   658 | D:2      | Reached skill level 4 in Shapeshifting
   756 | D:2      | Noticed Natasha
   773 | D:2      | Killed Natasha
   774 | D:2      | Reached XP level 4. HP: 40/40 MP: 3/3
   843 | D:2      | Noticed Natasha
   851 | D:2      | Killed Natasha
   852 | D:2      | Reached skill level 5 in Shapeshifting
  1043 | D:3      | Identified the +2 whip of Stickiness {antimagic, Str+4}
  1799 | D:4      | Noticed an ogre
  1807 | D:4      | Killed an ogre
  1808 | D:4      | Reached XP level 5. HP: 16/46 MP: 1/4
  1851 | D:4      | Reached skill level 6 in Shapeshifting
  1917 | D:4      | Noticed Edmund
  1973 | D:4      | Killed Edmund
  1974 | D:4      | Reached XP level 6. HP: 34/54 MP: 5/5
  2361 | D:4      | Reached skill level 7 in Shapeshifting
  2619 | D:4      | Reached XP level 7. HP: 40/61 MP: 6/6
  2770 | D:5      | Entered Level 5 of the Dungeon
  2947 | D:5      | Reached skill level 8 in Shapeshifting
  3300 | D:5      | Identified the +9 dagger "Oziaskor" {holy, rElec SInv}
  3378 | D:5      | Reached skill level 9 in Shapeshifting
  3400 | D:5      | Reached XP level 8. HP: 57/68 MP: 7/7
  3494 | D:5      | Reached skill level 10 in Shapeshifting
  3556 | D:6      | Noticed Eustachio
  3606 | D:6      | Killed Eustachio
  3649 | D:6      | Reached skill level 11 in Shapeshifting
  3676 | D:6      | Reached XP level 9. HP: 60/75 MP: 8/8
  3983 | D:6      | Found a staircase to the Ecumenical Temple.
  3992 | Temple   | Entered the Ecumenical Temple
  4029 | Temple   | Became a worshipper of Trog the Wrathful
  4291 | D:6      | Found a runed translucent door.
  4292 | D:6      | Noticed Crazy Yiuf
  4301 | D:6      | Killed Crazy Yiuf
  4571 | D:7      | Reached skill level 1 in Fighting
  4582 | D:6      | HP: 3/76 [poisoned by an orc]
  4583 | D:6      | Succumbed to an orc's poison

Illustrated notes

Levels and vault maps discovered:
D:1:      matt_arrival_diagonals, layout_loops_ring, serial_shops, shop
D:2:      layout_basic, uniq_natasha
D:3:      layout_basic, dreamdust_princess_corridor
D:4:      layout_basic, serial_forest, infiniplex_forest_clump_small,
          infiniplex_forest_join, infiniplex_forest_3_way,
          infiniplex_forest_straight_1, infiniplex_forest_straight_3,
          uniq_edmund
D:5:      minmay_octagon_keep, layout_cave_pools, grunt_decor_cap,
          solitary_fountain, minmay_ogre_servants
D:6:      layout_loops_ring, minmay_temple_entry_fiery,
          nicolae_underground_beach, uniq_eustachio, uniq_crazy_yiuf_cottage
D:7:      layout_loops_ring
Temple:   dpeg_five_rooms_temple

Skill      XL: |  1  2  3  4  5  6  7  8  9 |
---------------+----------------------------+-----
Shapeshifting  | 4 5 6 7 9 11 | 11.5
Fighting       | 1 |  1.1
Dodging        | |  1.8
Stealth        | |  0.2
Unarmed Combat | |  3.2

Action                     |  1- 3 |  4- 6 |  7- 9 || total
---------------------------+-------+-------+-------++-------
  Melee: Unarmed           |    30 |    57 |   263 ||   350
         Punch             |     2 |     2 |       ||     4
         Short sword       |    57 |    21 |       ||    78
         Whip              |       |    73 |       ||    73
   Stab: Sleeping          |     1 |     2 |       ||     3
         Distracted        |       |     1 |       ||     1
 Armour: Animal skin       |    45 |    88 |   166 ||   299
  Dodge: Dodged            |    36 |    62 |   106 ||   204
   Form: Flux              |       |     1 |       ||     1

Table legend: (Time is in decaauts)
 A = Elapsed time spent in this place.
 B = Non-inter-level travel time spent in this place.
 C = Inter-level travel time spent in this place.
 D = Time resting spent in this place.
 E = Time spent auto-exploring this place.
 F = Levels seen in this place.
 G = Mean time per level.
                   A        B        C        D        E       F      G
               +--------+--------+--------+--------+--------+-----+--------+
         Total |   4541 |   4119 |    422 |    107 |   2988 |   8 |  567.6 |
       Dungeon |   4469 |   4116 |    353 |    107 |   2988 |   7 |  638.4 |
        Temple |     72 |      3 |     69 |      0 |      0 |   1 |   72.0 |
               +--------+--------+--------+--------+--------+-----+--------+

Top non-repeatable levels by time:
     D:6: 941 daAuts
     D:4: 930 daAuts
     D:5: 774 daAuts
     D:3: 774 daAuts
     D:1: 620 daAuts
     D:2: 418 daAuts
  Temple: 72 daAuts
     D:7: 7 daAuts
